AoeStats
← _Orca_

Arabia

509777560Analyzed
3v3 RM · 3d ago on Sep 28, 2026· 21m 32s· 6 players
Game mode
Random Map
Map size
Normal (6 player)
Population
200
Speed
Normal
Resources
Standard
Victory
Conquest
Starting age
Dark Age
Ending age
Imperial Age
RankedLock teamsTeams togetherTeam positionsShared explorationLock speedFull tech treeHidden civsTurbo modeCheats
Victory
Defeat
🇦🇷 Malay · Argentina
1378
+17
🇮🇪 Franks · Ireland
1353
+18
🇫🇷 Ethiopians · France
1325
+19
🇧🇩 Varangians · Bangladesh
1394
-18
🇨🇦 Franks · Canada
1388
-18
🇵🇪 Bengalis · Peru
1385
-18
EweRwoRld
7:18 Loom
9:48 Feudal Age
12:56 Double-Bit Axe
18:23 Scale Barding Armor
19:17 Forging
20:51 Gold Mining
Dedpool_Aoe
6:29 Loom
9:30 Feudal Age
10:15 Double-Bit Axe
15:55 Fletching
17:21 Padded Archer Armor
19:22 Wheelbarrow
24:04 Castle Age
Golozo
6:51 Loom
9:22 Feudal Age
9:21 Double-Bit Axe
20:16 Castle Age
18:42 Gold Mining
19:17 Fletching
19:54 Padded Archer Armor
20:14 Bodkin Arrow
SometimesUnlucky
6:13 Loom
11:23 Feudal Age
18:16 Double-Bit Axe
20:46 Castle Age
21:56 Scale Barding Armor
_Orca_
3:51 Loom
10:03 Feudal Age
12:48 Fletching
17:28 Double-Bit Axe
tomitom
6:34 Loom
6:39 Loom
9:12 Feudal Age
10:26 Double-Bit Axe
12:49 Fletching
Connection lost

Rejoining the realm…

Still unreachable

The connection could not be restored.

Session expired

The server has moved on; the page needs a fresh start.